 Dungeon Crawl Stone Soup version 0.24-a0-581-gc0fa6600bf (webtiles) character file.

Game seed: 2673431383070828305

600 Kavrick the Shield-Bearer (level 7, -7/56 HPs)
             Began as a Formicid Fighter on Aug 23, 2019.
             Killed by divine providence
             ... invoked by an orc priest
              (9 damage)
             ... on level 5 of the Dungeon.
             The game lasted 00:03:55 (3954 turns).

Kavrick the Shield-Bearer (Formicid Fighter)        Turns: 3954, Time: 00:03:56

Health: -7/56      AC:  8    Str: 27    XL:     7   Next: 69%
Magic:  7/7        EV:  8    Int:  8    God:
Gold:   299        SH: 10    Dex: 10    Spells: 6/6 levels left

rFire    . . .     SeeInvis +   q - +0 morningstar
rCold    . . .     Gourm    .   c - +0 shield
rNeg     . . .     Faith    .   b - +0 scale mail
rPois    .         Spirit   .   (helmet unavailable)
rElec    .         Reflect  .   (no cloak)
rCorr    .         Harm     .   (no gloves)
MR       .....                  o - +0 pair of boots
Stlth    ..........             (no amulet)
HPRegen  0.18/turn              (no ring)
MPRegen  0.10/turn              (no ring)

@: mighty, lethally poisoned (-7 -> -9)
A: permanent stasis, dig shafts and tunnels, four strong arms, antennae 3
a: Dig, Shaft Self


You were on level 5 of the Dungeon.
You were hungry.

You visited 2 branches of the dungeon, and saw 6 of its levels.

You collected 299 gold pieces.

Inventory:

Hand Weapons
 a - a +0 flail
 q - a +0 morningstar (weapon)
Armour
 b - a +0 scale mail (worn)
 c - a +0 shield (worn)
 o - a +0 pair of boots (worn)
Jewellery
 h - an uncursed ring of protection from cold {unknown}
 p - a +3 ring of protection {unknown}
 s - an uncursed amulet of the gourmand {unknown}
Scrolls
 e - 2 scrolls of remove curse {unknown}
 i - a scroll of amnesia {unknown}
 j - 5 scrolls of identify {unknown}
 l - a scroll of noise {unknown}
 m - 2 scrolls of fear {unknown}
 r - a scroll of teleportation {unknown}
Potions
 d - a potion of might
 k - a potion of flight {unknown}
 n - 2 potions of brilliance {unknown}
 t - 2 potions of heal wounds {unknown}
Comestibles
 f - 6 rations


   Skills:
 + Level 5.1 Fighting
 * Level 5.2 Maces & Flails
 + Level 4.9 Armour
 + Level 5.4 Shields


You had 6 spell levels left.
You didn't know any spells.
Your spell library contained the following spells:

 Spells                   Type           Power        Failure   Level  Hunger
 Animate Skeleton         Necr           N/A          89%         1    ##.....
 Apportation              Tloc           #.....       89%         1    ##.....
 Confusing Touch          Hex            #.....       89%         1    ##.....
 Summon Small Mammal      Summ           #...         89%         1    ##.....


Dungeon Overview and Level Annotations

Branches:
Dungeon (5/15)             Temple (1/1) D:4

Altars:
Ashenzari
Cheibriados
Dithmenos
Elyvilon
Fedhas
Gozag
Hepliaklqana
Kikubaaqudgha
Makhleb
Nemelex Xobeh
Qazlal
Sif Muna
Trog
Vehumet
Wu Jian
Xom
Yredelemnul


Innate Abilities, Weirdness & Mutations

You cannot be hasted, slowed, berserked, paralysed or teleported.
You can dig through walls and to a lower floor.
Your four strong arms can wield two-handed weapons with a shield.
You have a pair of large antennae on your head. (SInv)


Message History

You block the orc's attack.
The orc priest hits you but does no damage.
You are poisoned.
The jackal bites you.
* * * LOW HITPOINT WARNING * * *
You barely miss the orc priest.
* * * LOW HITPOINT WARNING * * *
You feel sick.
A worker ant comes into view.
You block the jackal's attack. You block the orc's attack.
The orc priest closely misses you.
The orc drinks a potion.
The orc seems to grow stronger.
The jackal bites you.
* * * LOW HITPOINT WARNING * * *
You puncture the orc priest!
The orc priest is almost dead.
* * * LOW HITPOINT WARNING * * *
You feel sick. You block the orc's attack.
The orc priest mumbles some strange prayers to Beogh against you.
Beogh smites you!
You die...

#.......#
#.......#
#....a..##.##
#...<.....).#
####.####{..#
##.# # #o.#
##o## #o@# {
#.....#h## {
##....{#o#
.......#o#
#......#o#
.......#.#
#.....#.#
#.....#.#
#...{...#


You could see a worker ant, an orc priest, 5 orcs and a jackal.

Vanquished Creatures
  A bullfrog (D:5)
  A crimson imp (D:2)
  A bullfrog zombie (D:4)
  3 hounds
  2 orc priests
  An orc wizard (D:4)
  Natasha (twice) (D:3)
  2 worker ants (D:4)
  A hound skeleton (D:4)
  5 adders
  An ooze (D:3)
  An adder zombie (D:3)
  4 worms
  3 dart slugs
  2 leopard geckos
  15 orcs
  2 ball pythons (D:1)
  2 giant cockroaches
  7 hobgoblins
  10 jackals
  12 kobolds
  3 quokkas
  4 bats
  3 frilled lizards
  12 goblins
  6 rats
  A fungus (D:2)
107 creatures vanquished.

Vanquished Creatures (others)
  A fungus (D:2)
  5 toadstools (D:2)
6 creatures vanquished.

Grand Total: 113 creatures vanquished

Notes
Turn   | Place    | Note
-------+----------+-------------------------------------------
     0 | D:1      | Kavrick the Formicid Fighter began the quest for the Orb.
     0 | D:1      | Reached XP level 1. HP: 18/18 MP: 1/1
     6 | D:1      | Noticed a salamander
     6 | D:1      | Noticed a rime drake
     6 | D:1      | Noticed a redback
     6 | D:1      | Noticed a hog
     6 | D:1      | Noticed a black bear
   137 | D:1      | Reached XP level 2. HP: 20/24 MP: 2/2
   386 | D:1      | Reached XP level 3. HP: 19/29 MP: 3/3
   913 | D:2      | Reached XP level 4. HP: 36/37 MP: 4/4
  1128 | D:2      | Reached XP level 5. HP: 27/42 MP: 5/5
  1218 | D:2      | Found a burning altar of Makhleb.
  1380 | D:2      | Found a sparkling altar of Nemelex Xobeh.
  1492 | D:2      | Found a snail-covered altar of Cheibriados.
  1720 | D:3      | Found a hazy altar of Hepliaklqana.
  1828 | D:3      | Found a basalt altar of Yredelemnul.
  1829 | D:3      | Noticed Natasha
  1834 | D:3      | Killed Natasha
  1834 | D:3      | Reached XP level 6. HP: 38/48 MP: 6/6
  2483 | D:3      | Noticed Natasha
  2492 | D:3      | Killed Natasha
  2579 | D:4      | Found a shattered altar of Ashenzari.
  2604 | D:4      | Reached skill level 5 in Shields
  2787 | D:4      | Found a blossoming altar of Fedhas.
  2789 | D:4      | Found a stormy altar of Qazlal.
  2828 | D:4      | Reached XP level 7. HP: 54/55 MP: 7/7
  3235 | D:4      | Found a staircase to the Ecumenical Temple.
  3268 | Temple   | Entered the Ecumenical Temple
  3422 | D:4      | Reached skill level 5 in Maces & Flails
  3764 | D:4      | Found a white marble altar of Elyvilon.
  3899 | D:5      | Entered Level 5 of the Dungeon
  3946 | D:5      | Reached skill level 5 in Fighting
  3953 | D:5      | HP: 2/56 [jackal (1)]
  3954 | D:5      | Killed from afar by an orc priest

Levels and vault maps discovered:
D:1:      onia_arrival_zoo_common, layout_loops_ring, minmay_pentomino_z4
D:2:      layout_basic, marbit_many_paths, lemuel_round_altar,
          makhleb_blood_cavern_becter, first_ration, nrook_uturn,
          minmay_gold_behind_fungi, guppyfry_early_lair_pool
D:3:      layout_loops_ring, lemuel_coloured_pillars_altar, lemuel_round_altar,
          uniq_natasha
D:4:      layout_loops_cross, grunt_temple_overflow_forces_of_nature,
          kennysheep_mini, minmay_temple_entry_antechambers,
          cheibrodos_ashenzari_chains
D:5:      layout_rooms, dancing_weapons_uskayaw, lemuel_crystal_altar
Temple:   nicolae_temple_figure_zero

Skill      XL: |  1  2  3  4  5  6  7 |
---------------+----------------------+-----
Shields        | 4 5 |  5.4
Maces & Flails | 3 4 5 |  5.2
Fighting       | 4 5 |  5.1
Armour         | 4 |  4.9

Action                   |  1- 3 |  4- 6 |  7- 9 || total
-------------------------+-------+-------+-------++-------
Melee: Flail             |    99 |   161 |       ||   260
       Morningstar       |       |    76 |   100 ||   176
  Use: Potion            |       |       |     1 ||     1
  Eat: Chunk             |       |     7 |     3 ||    10
Armor: Scale mail        |    39 |   106 |    52 ||   197
Dodge: Dodged            |    28 |    74 |    52 ||   154
Block: Shield            |    67 |   122 |    76 ||   265

Table legend:
 A = Non-vault XP
 B = Vault XP
 C = Vault XP percentage of total XP
 D = Non-vault monster count
 E = Vault monster count
 F = Vault count percentage of total count
                 A         B        C        D         E       F
            +---------+---------+-------+---------+---------+-------
      Total |     769 |      89 |  10.4 |      99 |       7 |   6.6
            +---------+---------+-------+---------+---------+-------
        D:1 |      30 |       6 |  16.7 |      15 |       4 |  21.1
        D:2 |     134 |      47 |  26.0 |      29 |       2 |   6.5
        D:3 |     171 |      36 |  17.4 |      33 |       1 |   2.9
        D:4 |     323 |       0 |   0.0 |      15 |       0 |   0.0
        D:5 |     111 |       0 |   0.0 |       7 |       0 |   0.0
            +---------+---------+-------+---------+---------+-------
